[ AOE2 MATCH · #484200946 ]
UnrankedHindustanis vs Magyars
[ REPLAY ANALYSIS · EXTRACTED FROM THE RECORDED GAME ]
Feudal
12:00
Castle
30:02
Imperial
52:11
| APM avg | 22.3 |
| APM peak | 119 |
| eAPM avg | 14.5 |
| Villagers / military | 52 / 123 |
Focus
⚔️ 24.8% · 🌾 75.2%
Spearman ×53 · Camel Scout ×37 · Ghulam ×20 · Militia ×9 · Trebuchet (Packed) ×3 · Trade Cart ×2
Feudal
11:22
Castle
31:04
Imperial
—
| APM avg | 8.2 |
| APM peak | 55 |
| eAPM avg | 3.2 |
| Villagers / military | 34 / 10 |
Focus
⚔️ 14.2% · 🌾 85.8%
Scout Cavalry ×10
Feudal
14:45
Castle
41:16
Imperial
56:48
| APM avg | 25.6 |
| APM peak | 73 |
| eAPM avg | 12.2 |
| Villagers / military | 91 / 61 |
Focus
⚔️ 26.7% · 🌾 73.3%
Battering Ram ×28 · Spearman ×14 · Trade Cart ×13 · Militia ×11 · Monk ×4 · Mangonel ×2
Feudal
14:59
Castle
26:05
Imperial
42:29
| APM avg | 7.6 |
| APM peak | 40 |
| eAPM avg | 5.5 |
| Villagers / military | 47 / 248 |
Focus
⚔️ 35.8% · 🌾 64.2%
Samurai ×232 · Trade Cart ×30 · Cavalry Archer ×14 · Monk ×2
Feudal
11:10
Castle
26:09
Imperial
42:36
| APM avg | 51.4 |
| APM peak | 116 |
| eAPM avg | 16.8 |
| Villagers / military | 64 / 187 |
Focus
⚔️ 38.6% · 🌾 61.4%
Scorpion ×46 · Militia ×45 · Archer ×29 · Knight ×24 · Centurion ×19 · Trade Cart ×10
Feudal
11:29
Castle
28:23
Imperial
—
| APM avg | 13.0 |
| APM peak | 40 |
| eAPM avg | 8.1 |
| Villagers / military | 93 / 105 |
Focus
⚔️ 36.3% · 🌾 63.7%
Spearman ×34 · Knight ×25 · Skirmisher ×21 · Cavalry Archer ×18 · Trade Cart ×12 · Scout Cavalry ×7
Match map
Initial resources + every placement click. Lines = walls · curves = elevation contours. ◆ gold · ⬟ stone · ● berries · ✦ relic · ◌ wall gap
Your base· Open — unwalled flank
Rey Troll's base· ✓ Closed at 31:04 · 0t walls · no gate
Aslasebastian's base· Open — unwalled flank
MandrakePOE's base· ✓ Closed at 26:05 · 96t walls · 4 gate(s)
dicobeck's base· Open — unwalled flank
Desert Nomad's base· Open — unwalled flank
Smoothed initial terrain · ◌ = detected wall gap · hover for details
Inputs per minute
— ESTEVENTEN - - Rey Troll
Build order — ESTEVENTEN
First 150 of 264 actions detected
| 0:06 | Build | House |
| 0:07 | Build | House |
| 0:09 | Build | House |
| 0:10 | Build | House |
| 0:12 | Create | Villager (Male) |
| 0:12 | Create | Villager (Male) |
| 0:12 | Create | Villager (Male) |
| 0:12 | Create | Villager (Male) |
| 2:20 | Create | Villager (Male) |
| 2:20 | Create | Villager (Male) |
| 2:21 | Create | Villager (Male) |
| 3:06 | Create | Villager (Male) |
| 3:07 | Create | Villager (Male) |
| 3:36 | Create | Villager (Male) |
| 4:01 | Create | Villager (Male) |
| 4:01 | Create | Villager (Male) |
| 4:11 | Research | Loom |
| 4:31 | Create | Villager (Male) |
| 4:32 | Create | Villager (Male) |
| 4:32 | Create | Villager (Male) |
| 5:30 | Build | Lumber Camp |
| 7:08 | Create | Villager (Male) |
| 8:03 | Create | Villager (Male) |
| 8:04 | Create | Villager (Male) |
| 8:15 | Create | Villager (Male) |
| 8:46 | Build | Mill |
| 9:29 | Build | Mining Camp |
| 9:50 | Research | Feudal Age |
| 10:04 | Build | House |
| 10:05 | Build | House |
| 10:07 | Build | House |
| 10:08 | Build | House |
| 10:11 | Build | House |
| 10:13 | Build | House |
| 11:04 | Create | Villager (Male) |
| 11:05 | Create | Villager (Male) |
| 11:05 | Create | Villager (Male) |
| 11:07 | Create | Villager (Male) |
| 12:00 | Age | Feudal Age |
| 12:40 | Build | Market |
| 12:57 | Research | Double-Bit Axe |
| 13:24 | Research | Gold Mining |
| 13:40 | Build | Farm |
| 13:52 | Build | Blacksmith |
| 15:29 | Research | Horse Collar |
| 15:36 | Create | Villager (Male) |
| 15:37 | Create | Villager (Male) |
| 15:38 | Create | Villager (Male) |
| 15:39 | Create | Villager (Male) |
| 16:10 | Build | Mill |
| 16:38 | Build | Farm |
| 16:52 | Build | Barracks |
| 17:01 | Build | Farm |
| 17:08 | Build | Farm |
| 17:09 | Build | Farm |
| 17:10 | Build | Farm |
| 17:12 | Build | Farm |
| 17:15 | Build | Farm |
| 17:42 | Build | Barracks |
| 17:45 | Create | Spearman |
| 17:45 | Create | Spearman |
| 17:46 | Create | Spearman |
| 18:50 | Create | Spearman |
| 18:51 | Create | Spearman |
| 18:51 | Create | Spearman |
| 18:51 | Create | Spearman |
| 18:54 | Create | Spearman |
| 18:55 | Create | Spearman |
| 18:56 | Create | Spearman |
| 18:56 | Create | Spearman |
| 18:57 | Create | Spearman |
| 21:10 | Create | Spearman |
| 21:11 | Create | Spearman |
| 21:12 | Create | Spearman |
| 21:13 | Create | Spearman |
| 22:20 | Create | Spearman |
| 22:21 | Create | Spearman |
| 22:51 | Create | Villager (Male) |
| 22:51 | Create | Villager (Male) |
| 22:51 | Create | Villager (Male) |
| 22:52 | Create | Villager (Male) |
| 22:53 | Create | Villager (Male) |
| 23:52 | Build | Farm |
| 24:19 | Research | Man-at-Arms (upgrade) |
| 24:33 | Build | Stable |
| 25:25 | Create | Trade Cart |
| 26:07 | Create | Militia |
| 26:08 | Create | Militia |
| 26:09 | Create | Militia |
| 26:09 | Create | Militia |
| 26:10 | Create | Militia |
| 26:10 | Create | Militia |
| 26:11 | Create | Militia |
| 26:58 | Research | Scale Barding Armor |
| 27:22 | Research | Castle Age |
| 29:11 | Build | Mining Camp |
| 29:21 | Research | Stone Mining |
| 29:58 | Create | Spearman |
| 29:59 | Create | Spearman |
| 30:00 | Create | Spearman |
| 30:01 | Create | Spearman |
| 30:02 | Create | Spearman |
| 30:02 | Age | Castle Age |
| 30:03 | Create | Militia |
| 30:04 | Create | Militia |
| 30:13 | Research | Husbandry |
| 31:23 | Build | House |
| 31:24 | Build | House |
| 31:27 | Build | House |
| 31:31 | Build | House |
| 31:34 | Build | House |
| 33:15 | Research | Bloodlines |
| 33:17 | Create | Camel Scout |
| 33:17 | Create | Camel Scout |
| 33:17 | Create | Camel Scout |
| 33:17 | Create | Camel Scout |
| 33:18 | Create | Camel Scout |
| 33:18 | Create | Camel Scout |
| 33:18 | Create | Camel Scout |
| 34:48 | Create | Villager (Male) |
| 34:48 | Create | Villager (Male) |
| 34:48 | Create | Villager (Male) |
| 34:49 | Create | Villager (Male) |
| 35:00 | Research | Heavy Plow |
| 35:30 | Build | Farm |
| 36:07 | Build | Farm |
| 36:50 | Build | Mill |
| 38:18 | Create | Trade Cart |
| 38:45 | Build | Farm |
| 38:51 | Research | Chain Barding Armor |
| 39:03 | Research | Pikeman (upgrade) |
| 39:12 | Create | Camel Scout |
| 39:17 | Create | Camel Scout |
| 39:18 | Create | Camel Scout |
| 39:20 | Create | Camel Scout |
| 40:13 | Create | Spearman |
| 40:14 | Create | Spearman |
| 40:14 | Create | Spearman |
| 40:15 | Create | Spearman |
| 40:17 | Create | Spearman |
| 40:17 | Create | Spearman |
| 41:56 | Create | Spearman |
| 41:57 | Create | Spearman |
| 41:58 | Create | Spearman |
| 41:59 | Create | Spearman |
| 42:00 | Create | Spearman |
| 42:01 | Create | Spearman |
| 42:02 | Create | Spearman |
| 42:03 | Create | Spearman |
| 42:12 | Create | Villager (Male) |
Build order — Rey Troll
101 actions detected in the replay
| 0:02 | Create | Villager (Male) |
| 0:02 | Create | Villager (Male) |
| 0:02 | Create | Villager (Male) |
| 0:03 | Create | Villager (Male) |
| 0:07 | Build | House |
| 0:09 | Build | House |
| 0:11 | Build | House |
| 1:35 | Create | Villager (Male) |
| 2:07 | Create | Villager (Male) |
| 2:37 | Create | Villager (Male) |
| 2:48 | Build | Lumber Camp |
| 3:05 | Create | Villager (Male) |
| 3:07 | Create | Villager (Male) |
| 4:11 | Research | Loom |
| 4:12 | Create | Villager (Male) |
| 4:12 | Create | Villager (Male) |
| 4:12 | Create | Villager (Male) |
| 4:59 | Create | Villager (Male) |
| 5:39 | Create | Villager (Male) |
| 5:40 | Create | Villager (Male) |
| 6:26 | Build | Mill |
| 6:39 | Build | House |
| 6:55 | Create | Villager (Male) |
| 7:42 | Create | Villager (Male) |
| 8:19 | Create | Villager (Male) |
| 9:00 | Build | Mining Camp |
| 9:12 | Research | Feudal Age |
| 9:50 | Build | Barracks |
| 10:01 | Create | Villager (Male) |
| 10:37 | Create | Villager (Male) |
| 11:22 | Age | Feudal Age |
| 11:26 | Create | Villager (Male) |
| 11:27 | Create | Villager (Male) |
| 11:40 | Build | Stable |
| 11:43 | Build | Stable |
| 11:57 | Build | House |
| 12:19 | Build | House |
| 12:37 | Create | Villager (Male) |
| 12:50 | Create | Scout Cavalry |
| 12:50 | Create | Scout Cavalry |
| 12:51 | Create | Scout Cavalry |
| 12:51 | Create | Scout Cavalry |
| 13:07 | Research | Horse Collar |
| 13:10 | Research | Double-Bit Axe |
| 13:21 | Build | Farm |
| 13:22 | Build | Farm |
| 14:02 | Build | House |
| 14:08 | Create | Scout Cavalry |
| 14:08 | Create | Scout Cavalry |
| 14:20 | Create | Villager (Male) |
| 14:20 | Create | Villager (Male) |
| 14:38 | Build | Farm |
| 14:46 | Build | Farm |
| 14:48 | Build | Farm |
| 15:09 | Research | Bloodlines |
| 19:07 | Create | Villager (Male) |
| 19:08 | Create | Villager (Male) |
| 19:08 | Create | Villager (Male) |
| 19:17 | Build | Farm |
| 19:18 | Build | Farm |
| 19:19 | Build | Farm |
| 19:20 | Build | Farm |
| 19:28 | Build | Farm |
| 19:33 | Build | Farm |
| 19:34 | Build | Farm |
| 19:34 | Build | Farm |
| 19:35 | Build | Farm |
| 19:36 | Build | Farm |
| 20:21 | Create | Scout Cavalry |
| 20:21 | Create | Scout Cavalry |
| 20:22 | Create | Scout Cavalry |
| 20:22 | Create | Scout Cavalry |
| 23:56 | Build | Watch Tower |
| 25:29 | Research | Wheelbarrow |
| 25:35 | Create | Villager (Male) |
| 25:35 | Create | Villager (Male) |
| 25:35 | Create | Villager (Male) |
| 25:35 | Create | Villager (Male) |
| 25:36 | Create | Villager (Male) |
| 25:36 | Create | Villager (Male) |
| 25:48 | Build | Lumber Camp |
| 26:55 | Build | Market |
| 27:11 | Build | House |
| 27:12 | Build | House |
| 27:14 | Build | House |
| 27:16 | Build | House |
| 27:17 | Build | House |
| 27:18 | Build | House |
| 27:22 | Build | House |
| 27:24 | Build | House |
| 27:29 | Build | House |
| 27:34 | Build | House |
| 27:37 | Build | House |
| 27:38 | Build | House |
| 27:47 | Build | Farm |
| 28:07 | Research | Castle Age |
| 31:04 | Age | Castle Age |
| 31:43 | Build | Mining Camp |
| 34:05 | Build | Outpost |
| 36:13 | Build | Monastery |
| 38:23 | Build | Market |
Build order — Aslasebastian
First 150 of 282 actions detected
| 0:21 | Build | House |
| 0:22 | Build | House |
| 0:30 | Create | Villager (Male) |
| 0:30 | Create | Villager (Male) |
| 0:31 | Research | Loom |
| 0:33 | Create | Villager (Male) |
| 1:25 | Create | Villager (Male) |
| 2:25 | Create | Villager (Male) |
| 3:51 | Create | Villager (Male) |
| 3:53 | Create | Villager (Male) |
| 4:25 | Create | Villager (Male) |
| 4:52 | Build | House |
| 4:53 | Build | House |
| 4:55 | Build | House |
| 5:07 | Create | Villager (Male) |
| 5:39 | Create | Villager (Male) |
| 5:47 | Create | Villager (Male) |
| 6:35 | Create | Villager (Male) |
| 6:51 | Build | Mill |
| 7:38 | Build | Mining Camp |
| 7:52 | Build | Mining Camp |
| 7:57 | Create | Villager (Male) |
| 7:59 | Create | Villager (Male) |
| 8:41 | Build | Lumber Camp |
| 12:35 | Research | Feudal Age |
| 12:40 | Create | Villager (Male) |
| 14:22 | Build | Farm |
| 14:24 | Build | Farm |
| 14:25 | Build | Farm |
| 14:27 | Build | Farm |
| 14:30 | Build | Farm |
| 14:32 | Build | Farm |
| 14:33 | Build | Farm |
| 14:34 | Build | Farm |
| 14:36 | Build | Farm |
| 14:38 | Build | Farm |
| 14:39 | Build | Farm |
| 14:45 | Age | Feudal Age |
| 14:49 | Research | Horse Collar |
| 14:51 | Research | Wheelbarrow |
| 14:52 | Research | Town Watch |
| 14:54 | Create | Villager (Male) |
| 16:37 | Research | Double-Bit Axe |
| 18:15 | Build | Barracks |
| 18:29 | Build | Barracks |
| 18:38 | Create | Villager (Male) |
| 18:38 | Create | Villager (Male) |
| 18:39 | Create | Villager (Male) |
| 18:39 | Create | Villager (Male) |
| 19:15 | Create | Spearman |
| 19:16 | Create | Spearman |
| 19:16 | Create | Spearman |
| 19:16 | Create | Spearman |
| 20:42 | Create | Spearman |
| 22:36 | Research | Man-at-Arms (upgrade) |
| 24:00 | Create | Villager (Male) |
| 24:15 | Build | Market |
| 25:04 | Create | Militia |
| 25:04 | Create | Militia |
| 25:06 | Create | Militia |
| 25:08 | Create | Militia |
| 25:08 | Create | Militia |
| 25:09 | Create | Militia |
| 25:09 | Create | Militia |
| 25:09 | Create | Militia |
| 25:10 | Create | Militia |
| 25:10 | Create | Militia |
| 25:11 | Create | Militia |
| 25:21 | Create | Trade Cart |
| 25:22 | Create | Trade Cart |
| 26:37 | Create | Villager (Male) |
| 26:38 | Create | Villager (Male) |
| 26:38 | Create | Villager (Male) |
| 26:38 | Create | Villager (Male) |
| 26:38 | Create | Villager (Male) |
| 26:39 | Create | Villager (Male) |
| 26:39 | Create | Villager (Male) |
| 26:39 | Create | Villager (Male) |
| 26:40 | Create | Villager (Male) |
| 26:40 | Create | Villager (Male) |
| 26:40 | Create | Villager (Male) |
| 26:40 | Create | Villager (Male) |
| 26:41 | Create | Villager (Male) |
| 26:41 | Create | Villager (Male) |
| 26:41 | Create | Villager (Male) |
| 27:37 | Build | House |
| 27:50 | Build | House |
| 27:55 | Build | House |
| 29:03 | Build | Mining Camp |
| 30:07 | Create | Trade Cart |
| 30:56 | Create | Trade Cart |
| 30:58 | Create | Trade Cart |
| 31:29 | Build | House |
| 31:31 | Build | House |
| 31:32 | Build | House |
| 31:35 | Build | House |
| 33:16 | Build | House |
| 33:19 | Build | House |
| 33:20 | Build | House |
| 33:22 | Build | House |
| 33:23 | Build | House |
| 33:25 | Build | House |
| 33:26 | Build | House |
| 37:55 | Build | Blacksmith |
| 38:02 | Create | Villager (Male) |
| 38:02 | Create | Villager (Male) |
| 38:03 | Create | Villager (Male) |
| 38:03 | Create | Villager (Male) |
| 38:03 | Create | Villager (Male) |
| 38:04 | Create | Villager (Male) |
| 38:04 | Create | Villager (Male) |
| 38:05 | Create | Villager (Male) |
| 38:07 | Create | Villager (Male) |
| 38:07 | Create | Villager (Male) |
| 38:07 | Create | Villager (Male) |
| 38:08 | Create | Villager (Male) |
| 38:36 | Research | Castle Age |
| 38:45 | Build | Farm |
| 38:51 | Build | Farm |
| 38:59 | Create | Spearman |
| 38:59 | Create | Spearman |
| 38:59 | Create | Spearman |
| 39:00 | Create | Spearman |
| 39:00 | Create | Spearman |
| 39:00 | Create | Spearman |
| 39:00 | Create | Spearman |
| 39:02 | Create | Spearman |
| 39:02 | Create | Spearman |
| 39:18 | Build | Lumber Camp |
| 39:55 | Research | Forging |
| 39:57 | Research | Scale Barding Armor |
| 39:57 | Research | Scale Mail Armor |
| 40:19 | Research | Stone Mining |
| 40:22 | Research | Gold Mining |
| 40:28 | Create | Villager (Male) |
| 40:28 | Create | Villager (Male) |
| 40:29 | Create | Villager (Male) |
| 40:29 | Create | Villager (Male) |
| 40:29 | Create | Villager (Male) |
| 40:29 | Create | Villager (Male) |
| 40:30 | Create | Villager (Male) |
| 40:30 | Create | Villager (Male) |
| 40:30 | Create | Villager (Male) |
| 40:30 | Create | Villager (Male) |
| 40:31 | Create | Villager (Male) |
| 40:31 | Create | Villager (Male) |
| 40:31 | Create | Villager (Male) |
| 40:31 | Create | Villager (Male) |
| 40:46 | Build | Farm |
| 40:47 | Build | Farm |
Build order — MandrakePOE
First 150 of 244 actions detected
| 0:04 | Create | Villager (Male) ×4 |
| 0:23 | Build | House |
| 0:24 | Build | House |
| 0:56 | Build | House |
| 0:57 | Build | House |
| 2:13 | Create | Villager (Male) |
| 2:42 | Build | Mill |
| 2:50 | Create | Villager (Male) |
| 4:07 | Create | Villager (Male) ×3 |
| 4:57 | Create | Villager (Male) ×2 |
| 5:27 | Create | Villager (Male) ×2 |
| 5:54 | Create | Villager (Male) ×2 |
| 6:16 | Create | Villager (Male) |
| 7:09 | Create | Villager (Male) |
| 8:04 | Create | Villager (Male) |
| 8:05 | Create | Villager (Male) |
| 8:06 | Research | Loom |
| 8:32 | Create | Villager (Male) |
| 8:33 | Create | Villager (Male) |
| 8:34 | Create | Villager (Male) |
| 8:35 | Create | Villager (Male) |
| 8:36 | Create | Villager (Male) |
| 8:37 | Create | Villager (Male) |
| 9:16 | Build | Lumber Camp |
| 10:26 | Build | House |
| 10:28 | Build | House |
| 10:32 | Build | House |
| 10:33 | Build | House |
| 11:04 | Research | Loom |
| 11:05 | Research | Feudal Age |
| 11:12 | Build | Farm |
| 11:13 | Build | Farm |
| 11:14 | Build | Farm |
| 11:16 | Build | Farm |
| 12:39 | Build | Mining Camp |
| 12:59 | Build | Farm |
| 13:03 | Build | Farm |
| 14:36 | Create | Villager (Male) |
| 14:36 | Create | Villager (Male) |
| 14:59 | Age | Feudal Age |
| 15:14 | Build | Stone Wall |
| 15:30 | Build | Stone Wall |
| 15:32 | Build | Stone Wall |
| 16:05 | Research | Horse Collar |
| 16:38 | Build | Farm |
| 16:41 | Build | Farm |
| 17:08 | Build | Farm |
| 17:10 | Build | Farm |
| 17:21 | Build | Gate |
| 17:32 | Research | Wheelbarrow |
| 17:32 | Create | Villager (Male) ×5 |
| 17:34 | Create | Villager (Male) |
| 18:24 | Build | Stone Wall |
| 19:40 | Build | Farm |
| 19:41 | Build | Farm |
| 19:50 | Build | Mining Camp |
| 20:06 | Build | Gate |
| 20:23 | Research | Town Watch |
| 20:37 | Build | Blacksmith |
| 20:52 | Build | Barracks |
| 21:01 | Research | Gold Mining |
| 21:02 | Research | Stone Mining |
| 21:09 | Build | House |
| 21:10 | Build | House |
| 21:35 | Build | Archery Range |
| 21:46 | Research | Double-Bit Axe |
| 22:28 | Build | Stone Wall |
| 22:38 | Build | Gate |
| 22:40 | Build | Gate |
| 23:21 | Research | Fletching |
| 23:22 | Research | Forging |
| 23:22 | Research | Scale Mail Armor |
| 23:25 | Research | Castle Age |
| 23:27 | Create | Villager (Male) ×3 |
| 23:31 | Create | Villager (Male) |
| 23:46 | Build | Farm |
| 23:48 | Build | Farm |
| 23:49 | Build | Farm |
| 23:51 | Build | Farm |
| 26:05 | Age | Castle Age |
| 26:28 | Research | Hand Cart |
| 26:29 | Research | Town Patrol |
| 26:42 | Research | Bow Saw |
| 27:23 | Build | University |
| 27:25 | Build | House |
| 27:37 | Research | Heavy Plow |
| 27:41 | Build | Farm |
| 27:45 | Build | Farm |
| 27:49 | Build | Farm |
| 27:52 | Create | Villager (Male) |
| 27:52 | Create | Villager (Male) |
| 27:53 | Create | Villager (Male) |
| 27:53 | Create | Villager (Male) |
| 28:00 | Build | Farm |
| 28:01 | Build | Farm |
| 28:03 | Build | Farm |
| 28:04 | Build | Farm |
| 28:21 | Research | Bodkin Arrow |
| 28:22 | Research | Iron Casting |
| 28:37 | Build | Watch Tower |
| 28:39 | Build | Watch Tower |
| 28:58 | Build | Watch Tower |
| 29:46 | Build | Market |
| 29:48 | Build | Market |
| 30:29 | Research | Squires |
| 30:30 | Research | Arson |
| 31:09 | Build | Castle |
| 31:16 | Build | Farm |
| 31:19 | Research | Town Patrol |
| 31:21 | Create | Villager (Male) |
| 31:22 | Create | Villager (Male) |
| 31:22 | Create | Villager (Male) |
| 31:22 | Create | Villager (Male) |
| 32:13 | Build | Watch Tower |
| 32:18 | Build | Watch Tower |
| 32:22 | Build | Watch Tower |
| 32:58 | Build | Watch Tower |
| 33:22 | Research | Yasama |
| 33:27 | Create | Samurai ×5 |
| 33:27 | Create | Samurai ×5 |
| 33:27 | Create | Samurai ×5 |
| 34:03 | Build | Farm |
| 34:07 | Build | Farm |
| 34:13 | Research | Ballistics |
| 34:13 | Research | Guard Tower (upgrade) |
| 34:23 | Research | Chain Mail Armor |
| 34:41 | Create | Samurai ×5 |
| 35:32 | Build | Mining Camp |
| 35:45 | Create | Samurai ×5 |
| 35:46 | Create | Samurai ×5 |
| 39:01 | Build | Watch Tower |
| 39:08 | Research | Murder Holes |
| 39:19 | Research | Imperial Age |
| 39:48 | Research | Caravan |
| 39:50 | Create | Trade Cart ×5 |
| 39:50 | Create | Trade Cart ×5 |
| 40:26 | Build | Monastery |
| 40:54 | Create | Samurai ×5 |
| 40:54 | Create | Samurai ×5 |
| 40:55 | Create | Samurai ×5 |
| 40:55 | Create | Samurai ×5 |
| 41:06 | Create | Monk |
| 41:13 | Create | Monk |
| 41:20 | Build | Farm |
| 41:27 | Build | House |
| 41:28 | Build | House |
| 41:29 | Build | House |
| 41:30 | Build | House |
| 41:32 | Build | House |
| 41:33 | Build | House |
Build order — dicobeck
First 150 of 398 actions detected
| 0:03 | Build | House |
| 0:05 | Create | Villager (Male) |
| 0:06 | Create | Villager (Male) |
| 0:06 | Create | Villager (Male) |
| 0:06 | Create | Villager (Male) |
| 0:14 | Build | House |
| 1:54 | Create | Villager (Male) |
| 1:55 | Create | Villager (Male) |
| 2:48 | Create | Villager (Male) |
| 2:49 | Create | Villager (Male) |
| 3:15 | Create | Villager (Male) |
| 3:45 | Create | Villager (Male) |
| 4:23 | Create | Villager (Male) |
| 4:25 | Create | Villager (Male) |
| 4:35 | Build | House |
| 4:39 | Build | House |
| 4:48 | Research | Loom |
| 5:04 | Create | Villager (Male) |
| 5:04 | Create | Villager (Male) |
| 5:05 | Create | Villager (Male) |
| 5:16 | Create | Villager (Male) |
| 5:18 | Create | Villager (Male) |
| 5:30 | Build | Mill |
| 7:17 | Create | Villager (Male) |
| 7:49 | Build | Lumber Camp |
| 7:58 | Create | Villager (Male) |
| 8:40 | Build | Farm |
| 8:42 | Build | Farm |
| 9:00 | Research | Feudal Age |
| 9:05 | Build | Farm |
| 10:20 | Build | Farm |
| 10:25 | Build | Farm |
| 11:10 | Age | Feudal Age |
| 11:11 | Research | Double-Bit Axe |
| 11:12 | Research | Wheelbarrow |
| 11:16 | Research | Horse Collar |
| 11:21 | Build | House |
| 11:23 | Build | House |
| 11:24 | Build | House |
| 11:41 | Build | Barracks |
| 12:32 | Create | Villager (Male) |
| 12:33 | Create | Villager (Male) |
| 12:39 | Research | Man-at-Arms (upgrade) |
| 13:01 | Build | Mining Camp |
| 13:13 | Build | Farm |
| 13:27 | Build | Archery Range |
| 13:31 | Build | Farm |
| 13:33 | Create | Villager (Male) |
| 13:34 | Create | Villager (Male) |
| 13:35 | Create | Villager (Male) |
| 14:58 | Create | Villager (Male) |
| 14:59 | Create | Villager (Male) |
| 14:59 | Create | Villager (Male) |
| 14:59 | Create | Villager (Male) |
| 15:09 | Build | Market |
| 15:36 | Create | Militia |
| 15:36 | Create | Militia |
| 15:37 | Create | Militia |
| 15:37 | Create | Militia |
| 15:37 | Create | Militia |
| 15:38 | Create | Militia |
| 16:11 | Create | Trade Cart |
| 16:45 | Create | Trade Cart |
| 16:57 | Build | House |
| 16:58 | Build | House |
| 16:59 | Build | House |
| 17:00 | Build | House |
| 17:04 | Create | Villager (Male) |
| 17:05 | Create | Villager (Male) |
| 17:06 | Create | Villager (Male) |
| 17:06 | Create | Villager (Male) |
| 17:26 | Create | Archer |
| 17:27 | Create | Archer |
| 17:27 | Create | Archer |
| 17:27 | Create | Archer |
| 17:28 | Create | Archer |
| 17:30 | Create | Archer |
| 17:53 | Create | Spearman |
| 17:54 | Create | Spearman |
| 17:55 | Create | Spearman |
| 18:03 | Build | Farm |
| 18:27 | Create | Villager (Male) |
| 18:28 | Create | Villager (Male) |
| 18:59 | Build | House |
| 19:01 | Build | Farm |
| 19:17 | Build | Watch Tower |
| 19:50 | Create | Villager (Male) |
| 19:51 | Create | Villager (Male) |
| 19:51 | Create | Villager (Male) |
| 20:05 | Build | Stable |
| 20:27 | Build | Farm |
| 20:35 | Build | Farm |
| 21:50 | Research | Bloodlines |
| 21:54 | Create | Archer |
| 21:54 | Create | Archer |
| 21:54 | Create | Archer |
| 21:55 | Create | Archer |
| 21:55 | Create | Archer |
| 21:55 | Create | Archer |
| 21:55 | Create | Archer |
| 21:55 | Create | Archer |
| 21:56 | Create | Archer |
| 21:56 | Create | Archer |
| 22:27 | Create | Trade Cart |
| 22:28 | Create | Trade Cart |
| 22:31 | Build | House |
| 22:33 | Build | House |
| 22:34 | Build | House |
| 22:35 | Build | House |
| 22:46 | Build | Blacksmith |
| 23:29 | Research | Castle Age |
| 23:52 | Research | Scale Mail Armor |
| 23:58 | Create | Militia |
| 23:58 | Create | Militia |
| 23:59 | Create | Militia |
| 24:17 | Create | Archer |
| 24:17 | Create | Archer |
| 24:17 | Create | Archer |
| 24:18 | Create | Archer |
| 24:18 | Create | Archer |
| 24:18 | Create | Archer |
| 24:18 | Create | Archer |
| 24:47 | Research | Padded Archer Armor |
| 24:54 | Build | Farm |
| 25:10 | Research | Fletching |
| 25:19 | Create | Spearman |
| 25:21 | Create | Spearman |
| 25:27 | Build | House |
| 25:28 | Build | House |
| 25:28 | Build | House |
| 25:29 | Build | House |
| 25:30 | Build | House |
| 25:35 | Create | Trade Cart |
| 26:09 | Age | Castle Age |
| 26:19 | Research | Pikeman (upgrade) |
| 26:31 | Build | Siege Workshop |
| 26:32 | Build | Siege Workshop |
| 26:35 | Build | Siege Workshop |
| 26:43 | Create | Villager (Male) |
| 26:44 | Create | Villager (Male) |
| 27:13 | Create | Skirmisher |
| 27:13 | Create | Skirmisher |
| 27:13 | Create | Skirmisher |
| 27:14 | Create | Skirmisher |
| 27:21 | Create | Scorpion |
| 27:21 | Create | Scorpion |
| 27:22 | Create | Scorpion |
| 28:00 | Create | Spearman |
| 28:01 | Create | Spearman |
| 28:02 | Create | Spearman |
Build order — Desert Nomad
First 150 of 306 actions detected
| 0:09 | Create | Villager (Male) |
| 0:09 | Create | Villager (Male) |
| 0:10 | Create | Villager (Male) |
| 0:10 | Create | Villager (Male) |
| 1:30 | Research | Loom |
| 1:46 | Create | Villager (Male) |
| 2:25 | Create | Villager (Male) |
| 2:43 | Create | Villager (Male) |
| 3:14 | Create | Villager (Male) |
| 3:38 | Build | Mill |
| 3:49 | Create | Villager (Male) |
| 4:12 | Create | Villager (Male) |
| 4:34 | Create | Villager (Male) |
| 4:34 | Create | Villager (Male) |
| 5:07 | Build | Lumber Camp |
| 5:15 | Create | Villager (Male) |
| 5:15 | Create | Villager (Male) |
| 5:49 | Create | Villager (Male) |
| 5:49 | Create | Villager (Male) |
| 6:13 | Create | Villager (Male) |
| 7:03 | Create | Villager (Male) |
| 7:26 | Create | Villager (Male) |
| 8:04 | Create | Villager (Male) |
| 8:20 | Build | Mining Camp |
| 8:26 | Create | Villager (Male) |
| 8:59 | Research | Feudal Age |
| 11:29 | Build | Barracks |
| 11:29 | Age | Feudal Age |
| 11:38 | Create | Villager (Male) |
| 11:39 | Create | Villager (Male) |
| 11:39 | Create | Villager (Male) |
| 11:39 | Create | Villager (Male) |
| 12:07 | Research | Double-Bit Axe |
| 12:45 | Build | Lumber Camp |
| 12:57 | Build | Stable |
| 13:06 | Create | Villager (Male) |
| 13:41 | Research | Horse Collar |
| 14:03 | Build | Farm |
| 14:17 | Build | Farm |
| 14:23 | Research | Bloodlines |
| 14:38 | Build | Farm |
| 14:45 | Build | Farm |
| 14:53 | Build | Farm |
| 15:03 | Create | Spearman |
| 15:05 | Create | Spearman |
| 15:10 | Create | Villager (Male) |
| 15:10 | Create | Villager (Male) |
| 15:10 | Create | Villager (Male) |
| 15:17 | Research | Wheelbarrow |
| 15:32 | Create | Scout Cavalry |
| 15:56 | Build | Farm |
| 16:29 | Build | Farm |
| 16:37 | Build | Farm |
| 16:42 | Create | Villager (Male) |
| 16:42 | Create | Villager (Male) |
| 17:01 | Build | Mining Camp |
| 17:09 | Create | Villager (Male) |
| 17:26 | Build | Market |
| 18:17 | Create | Villager (Male) |
| 18:18 | Create | Villager (Male) |
| 18:32 | Build | Farm |
| 18:48 | Build | Farm |
| 18:56 | Create | Spearman |
| 19:26 | Create | Scout Cavalry |
| 19:26 | Create | Scout Cavalry |
| 19:40 | Build | Blacksmith |
| 19:48 | Create | Villager (Male) |
| 19:49 | Create | Villager (Male) |
| 20:04 | Build | Farm |
| 20:15 | Build | Farm |
| 20:29 | Build | Farm |
| 20:43 | Build | Farm |
| 20:50 | Research | Forging |
| 20:51 | Research | Scale Barding Armor |
| 21:41 | Research | Scale Mail Armor |
| 21:46 | Create | Spearman |
| 21:46 | Create | Spearman |
| 21:52 | Create | Villager (Male) |
| 21:52 | Create | Villager (Male) |
| 21:53 | Create | Villager (Male) |
| 22:23 | Create | Scout Cavalry |
| 22:23 | Create | Scout Cavalry |
| 24:03 | Build | Farm |
| 24:10 | Build | Farm |
| 24:41 | Build | Stable |
| 25:15 | Build | Mining Camp |
| 25:43 | Research | Castle Age |
| 25:49 | Research | Fletching |
| 26:05 | Build | Lumber Camp |
| 26:21 | Build | Farm |
| 26:42 | Research | Man-at-Arms (upgrade) |
| 27:15 | Research | Padded Archer Armor |
| 27:31 | Build | Stable |
| 27:42 | Build | Archery Range |
| 28:07 | Build | Palisade Wall |
| 28:23 | Age | Castle Age |
| 28:36 | Research | Light Cavalry (upgrade) |
| 28:38 | Research | Husbandry |
| 28:49 | Create | Villager (Male) |
| 28:49 | Create | Villager (Male) |
| 28:49 | Create | Villager (Male) |
| 28:50 | Create | Villager (Male) |
| 29:02 | Create | Knight |
| 29:03 | Create | Knight |
| 29:20 | Build | Barracks |
| 29:27 | Research | Bow Saw |
| 29:33 | Research | Heavy Plow |
| 29:46 | Research | Elite Skirmisher (upgrade) |
| 29:47 | Research | Thumb Ring |
| 29:49 | Create | Skirmisher |
| 29:50 | Create | Skirmisher |
| 29:50 | Create | Skirmisher |
| 29:50 | Create | Skirmisher |
| 29:51 | Create | Skirmisher |
| 29:51 | Create | Skirmisher |
| 30:10 | Create | Knight |
| 30:10 | Create | Knight |
| 30:10 | Create | Knight |
| 30:59 | Create | Skirmisher |
| 31:10 | Research | Hand Cart |
| 31:33 | Build | Town Center |
| 31:57 | Research | Pikeman (upgrade) |
| 31:59 | Create | Spearman |
| 31:59 | Create | Spearman |
| 31:59 | Create | Spearman |
| 32:58 | Create | Knight |
| 32:58 | Create | Knight |
| 32:59 | Create | Knight |
| 32:59 | Create | Knight |
| 34:30 | Build | Town Center |
| 35:02 | Build | Farm |
| 35:44 | Create | Knight |
| 35:44 | Create | Knight |
| 36:10 | Create | Skirmisher |
| 36:10 | Create | Skirmisher |
| 36:10 | Create | Skirmisher |
| 36:11 | Create | Skirmisher |
| 36:11 | Create | Skirmisher |
| 36:11 | Create | Skirmisher |
| 36:47 | Create | Skirmisher |
| 37:23 | Create | Villager (Male) |
| 37:23 | Create | Villager (Male) |
| 37:23 | Create | Villager (Male) |
| 37:36 | Create | Spearman |
| 37:36 | Create | Spearman |
| 37:37 | Create | Spearman |
| 37:37 | Create | Spearman |
| 38:51 | Create | Villager (Male) |
| 38:51 | Create | Villager (Male) |
| 39:36 | Research | Squires |
Match timeline
| 9:50 | Rey Troll · first_building Barracks |
| 11:10 | dicobeck · age_up feudal |
| 11:22 | Rey Troll · age_up feudal |
| 11:29 | Desert Nomad · first_building Barracks |
| 11:29 | Desert Nomad · age_up feudal |
| 11:40 | Rey Troll · first_building Stable |
| 11:41 | dicobeck · first_building Barracks |
| 12:00 | ESTEVENTEN · age_up feudal |
| 12:57 | Desert Nomad · first_building Stable |
| 13:27 | dicobeck · first_building Archery Range |
| 14:45 | Aslasebastian · age_up feudal |
| 14:59 | MandrakePOE · age_up feudal |
| 15:14 | MandrakePOE · wall_segment Stone Wall x6 |
| 15:30 | MandrakePOE · wall_segment Stone Wall x27 |
| 15:32 | MandrakePOE · wall_segment Stone Wall x4 |
| 16:52 | ESTEVENTEN · first_building Barracks |
| 18:15 | Aslasebastian · first_building Barracks |
| 18:24 | MandrakePOE · wall_segment Stone Wall x24 |
| 20:05 | dicobeck · first_building Stable |
| 20:52 | MandrakePOE · first_building Barracks |
| 21:35 | MandrakePOE · first_building Archery Range |
| 22:28 | MandrakePOE · wall_segment Stone Wall x37 |
| 24:33 | ESTEVENTEN · first_building Stable |
| 26:05 | MandrakePOE · age_up castle |
| 26:09 | dicobeck · age_up castle |
| 26:31 | dicobeck · first_building Siege Workshop |
| 27:06 | ESTEVENTEN · first_market_buy 100 food |
| 27:42 | Desert Nomad · first_building Archery Range |
| 28:07 | Desert Nomad · wall_segment Palisade Wall x7 |
| 28:22 | dicobeck · first_market_buy 100 wood |
| 28:23 | Desert Nomad · age_up castle |
| 28:43 | Rey Troll · tribute_sent a jugador 2 |
| 28:43 | Rey Troll · tribute_sent a jugador 3 |
| 28:43 | Rey Troll · tribute_sent a jugador 4 |
| 28:43 | Rey Troll · tribute_sent a jugador 5 |
| 28:43 | Rey Troll · tribute_sent a jugador 6 |
| 30:02 | ESTEVENTEN · age_up castle |
| 30:49 | Aslasebastian · first_market_buy 100 wood |
| 30:54 | Aslasebastian · first_market_sell 100 food |
| 31:04 | Rey Troll · age_up castle |
| 31:09 | MandrakePOE · first_building Castle |
| 36:13 | Rey Troll · first_building Monastery |
| 39:11 | dicobeck · first_market_sell 100 food |
| 40:26 | MandrakePOE · first_building Monastery |
| 41:16 | Aslasebastian · age_up castle |
| 41:57 | Aslasebastian · first_building Castle |
| 42:00 | Desert Nomad · first_building Monastery |
| 42:29 | MandrakePOE · age_up imperial |
| 42:36 | dicobeck · age_up imperial |
| 42:45 | Aslasebastian · first_building Monastery |
| 43:53 | ESTEVENTEN · first_building Castle |
| 43:57 | dicobeck · first_building Castle |
| 46:31 | Aslasebastian · first_building Siege Workshop |
| 46:32 | ESTEVENTEN · first_building Archery Range |
| 46:52 | MandrakePOE · first_building Stable |
| 49:24 | Desert Nomad · first_building Castle |
| 52:11 | ESTEVENTEN · age_up imperial |
| 54:02 | dicobeck · first_building Monastery |
| 54:22 | Desert Nomad · first_market_buy 100 stone |
| 54:46 | dicobeck · wall_segment Stone Wall x17 |
| 55:57 | dicobeck · tribute_sent a jugador 1 |
| 55:57 | dicobeck · tribute_sent a jugador 2 |
| 55:57 | dicobeck · tribute_sent a jugador 3 |
| 55:57 | dicobeck · tribute_sent a jugador 5 |
| 55:57 | dicobeck · tribute_sent a jugador 6 |
| 56:48 | Aslasebastian · age_up imperial |
| 60:59 | Desert Nomad · first_market_sell 100 wood |
| 61:06 | MandrakePOE · first_market_buy 100 stone |
| 61:48 | MandrakePOE · wall_segment Stone Wall x5 |
| 63:22 | Aslasebastian · wall_segment Stone Wall x7 |
| 63:51 | MandrakePOE · resign |
| 68:07 | ESTEVENTEN · first_market_sell 100 wood |
[ AI ANALYSIS · 1 CREDIT ]
What really happened in this match?
Wolo.gg analyzes every decision: build order, eco, micro, common mistakes by bracket. Personalized analysis on WhatsApp or Discord in 30 seconds.
Civ guide
Hindustanis
Perfil
Jugador #25278260